 Dungeon Crawl Stone Soup version 0.31-a0-868-g674d60d6f7 (webtiles) character file.

Game seed: 3357822285478974553

795 jasper the Magician (level 7, -13/59 HPs)
             Began as a White Draconian Air Elementalist on Oct 11, 2023.
             Was an Initiate of Vehumet.
             Mangled by Duvessa
             ... wielding a +0 rapier
              (19 damage)
             ... on level 5 of the Dungeon.
             The game lasted 00:07:46 (5774 turns).

jasper the Magician (DrAE)                          Turns: 5774, Time: 00:07:47

Health: -13/59     AC:  6    Str: 10    XL:     7   Next: 58%
Magic:  8/14       EV: 12    Int: 17    God:    Vehumet [......]
Gold:   224        SH:  0    Dex: 12    Spells: 9/16 levels left

rFire   . . .        g - +2 short sword (venom)
rCold   + . .        (no shield)
rNeg    . . .        (body armour unavailable)
rPois   .            (helmet restricted)
rElec   .            (no cloak)
rCorr   .            (no gloves)
SInv    .            (no boots)
Will    .....        h - amulet of regeneration
Stlth   ++           (no ring)
HPRegen 1.09/turn    (no ring)
MPRegen 0.14/turn

%: no passive effects
@: freezing walls
A: breathe frost, AC +6, unfitting armour, cold resistance 1, cold-blooded
a: Breathe Frost, Renounce Religion


You were on level 5 of the Dungeon.
You worshipped Vehumet.
Vehumet was noncommittal.
You visited 2 branches of the dungeon, and saw 6 of its levels.

You collected 224 gold pieces.

Inventory:

Hand Weapons
 e - a +0 short sword of freezing
 g - a +2 short sword of venom (weapon)
Missiles
 c - 17 stones
 x - 3 poisoned darts
Jewellery
 h - an amulet of regeneration (around neck)
Talismans
 o - a serpent talisman
 C - a flux talisman
Wands
 p - a wand of flame (14)
 t - a wand of polymorph (11)
 y - a wand of paralysis (18)
 B - a wand of mindburst (18)
Scrolls
 f - a scroll of torment
 j - a scroll of teleportation
 m - a scroll of identify
 q - a scroll of fear
 r - a scroll of silence
 v - a scroll of immolation
Potions
 a - 3 potions of magic
 b - 2 potions of might
 d - a potion of brilliance
 i - 2 potions of invisibility
 k - a potion of haste
 l - 2 potions of degeneration
 n - a potion of enlightenment
 s - a potion of berserk rage {unknown}
 u - a potion of cancellation {unknown}
 w - a potion of resistance {unknown}
 z - a potion of attraction {unknown}
 A - a potion of curing {unknown}
 D - a potion of ambrosia {unknown}


   Skills:
 - Level 4.0 Fighting
 - Level 1.7 Dodging
 - Level 1.7 Stealth
 - Level 5.0 Spellcasting
 - Level 3.1 Conjurations
 + Level 3.9 Ice Magic
 - Level 4.2 Air Magic


You had 9 spell levels left.
You knew the following spells:

 Your Spells              Type           Power      Damage    Failure   Level
a - Shock                 Conj/Air       64%        1d7       3%          1
b - Swiftness             Air            18%        N/A       8%          3
c - Frozen Ramparts       Ice            34%        1d6       9%          3

Your spell library contained the following spells:

 Spells                   Type           Power      Damage    Failure   Level
 Static Discharge         Conj/Air       32%        2-4/arc   4%          2
 Summon Small Mammal      Summ           16%        N/A       14%         1
 Airstrike                Air            9%         2d(2-18)  26%         4
 Call Canine Familiar     Summ           4%         N/A       38%         3
 Summon Guardian Golem    Hex/Summ       4%         N/A       38%         3
 Volatile Blastmotes      Fire/Tloc      8%         2d10      38%         3
 Fulminant Prism          Conj/Hex       4%         3d5       58%         4
 Iskenderun's Mystic Bla  Conj/Tloc      9%         2d4       58%         4
 Petrify                  Tmut/Erth      4%         N/A       80%         4
 Metabolic Englaciation   Hex/Ice        5%         N/A       87%         5


Dungeon Overview and Level Annotations

Branches:
Dungeon (5/15)             Temple (1/1) D:5

Altars:
Cheibriados
Fedhas
Gozag
Hepliaklqana
Kikubaaqudgha
Makhleb
Nemelex Xobeh
Qazlal
Ru
Sif Muna
Trog
Vehumet
Wu Jian
Yredelemnul
Zin
The Shining One

Annotations:
D:5 Duvessa


Innate Abilities, Weirdness & Mutations

You can breathe waves of freezing cold which knock back foes.
Your icy white scales are hard. (AC +6)
You cannot fit into any form of body armour.
Your flesh is cold resistant. (rC+)
You are cold-blooded and may be slowed by cold attacks.


Message History

Dowan gestures at you while chanting. The puff of frost hits you. You resist.
Duvessa resists.
The wall freezes Duvessa.
Duvessa closely misses you.
You take 2 damage, and have 34/59 hp.
You now have 8/14 mp.
Aiming: Shock (safe; 3% risk of failure)
Press: ? - help, Q - select action, (/) - cycle Shift-Dir - straight line The zap hits Dowan!
Dowan is severely wounded.
The zap misses Dowan.
You have got your breath back.
Dowan resists.
The wall freezes Dowan.
Dowan gestures at you while chanting. The puff of flame hits you!
The wall freezes Duvessa but does no damage.
Duvessa barely misses you.
You take 5 damage, and have 29/59 hp.
You now have 7/14 mp.
You hit Duvessa but do no damage.
Duvessa looks as sick as possible!
Duvessa is severely wounded.
Dowan resists.
The wall freezes Dowan.
Dowan points at you and mumbles some strange words.
The puff of flame hits you!
The wall freezes Duvessa but does no damage.
Duvessa hits you with a +0 rapier!
* * * LOW HITPOINT WARNING * * *
You take 17 damage, and have 12/59 hp.
MASSIVE DAMAGE!!
You hit Duvessa but do no damage.
Duvessa is severely wounded.
The wall freezes Dowan but does no damage.
The wall freezes Duvessa but does no damage.
Duvessa barely misses you.
You hit Dowan.
You kill Dowan!
Vehumet accepts your kill.
Duvessa screams in rage.
Duvessa goes berserk!
Duvessa resists.
The wall freezes Duvessa.
Duvessa hits you with a +0 rapier!
* * * LOW HITPOINT WARNING * * *
The wall freezes Duvessa but does no damage.
Duvessa hits you with a +0 rapier!!
You die...

.# .#
.##########.#
......e@)>#.#
#.#.######.#.# #.
#.#.#
.#.######.#†#
...........#
#####.######.###
......### #.#
#.....####.######.
#.................


You could see Duvessa (berserk, extremely poisoned).

Vanquished Creatures
  Edmund (D:5)
  A black bear (D:5)
  A phantom (D:5)
  Dowan (D:5)
  A crimson imp (D:5)
  2 orc priests (D:5)
  Ijyb (D:5)
  A sleepcap (D:5)
  An iguana (D:4)
  4 orc wizards
  7 gnolls
  5 adders
  4 worms
  2 dart slugs (D:2)
  12 orcs
  4 endoplasms
  5 giant cockroaches
  3 goblins
  11 hobgoblins
  4 jackals (D:3)
  6 kobolds
  7 quokkas
  7 ball pythons
  7 bats
  4 frilled lizards
  A goblin skeleton (D:5)
  4 goblin zombies (D:5)
  A hobgoblin zombie (D:5)
  4 kobold skeletons (D:5)
  A kobold zombie (D:5)
  An orc skeleton (D:5)
  2 orc zombies (D:5)
  3 rats
119 creatures vanquished.

Notes
Turn   | Place    | Note
-------+----------+-------------------------------------------
     0 | D:1      | jasper the Draconian Air Elementalist began the quest for
                  | the Orb.
     0 | D:1      | Reached XP level 1. HP: 14/14 MP: 3/3
   339 | D:1      | Reached XP level 2. HP: 20/20 MP: 1/5
  1425 | D:2      | Reached XP level 3. HP: 26/26 MP: 0/6
  1429 | D:2      | Learned a level 3 spell: Swiftness
  2536 | D:3      | Reached XP level 4. HP: 24/33 MP: 6/8
  2714 | D:3      | Identified the +3 chain mail of Sacean {rElec rF+ MP+9}
  2733 | D:3      | Reached skill level 3 in Spellcasting
  2946 | D:3      | You fall into a shaft and drop 1 floor!
  2950 | D:4      | Reached XP level 5. HP: 38/38 MP: 7/9
  3780 | D:4      | Found a sacrificial altar of Ru.
  4166 | D:4      | Found a sparkling altar of Nemelex Xobeh.
  4597 | D:5      | Entered Level 5 of the Dungeon
  4684 | D:5      | Noticed a phantom
  4692 | D:5      | Killed a phantom
  4693 | D:5      | Reached XP level 6. HP: 48/48 MP: 3/11
  4898 | D:5      | Found a bloodstained altar of Trog.
  4930 | D:5      | Noticed Ijyb
  4953 | D:5      | Reached skill level 4 in Spellcasting
  4977 | D:5      | Paralysed by Ijyb for 2 turns
  4981 | D:5      | Killed Ijyb
  5198 | D:5      | Noticed Edmund
  5252 | D:5      | Killed Edmund
  5253 | D:5      | Your scales start taking on an icy white colour.
  5253 | D:5      | Reached XP level 7. HP: 59/59 MP: 12/14
  5253 | D:5      | Gained mutation: Your flesh is cold resistant. (rC+) [White
                  | Draconian growth]
  5257 | D:5      | Learned a level 3 spell: Frozen Ramparts
  5289 | D:5      | Reached skill level 5 in Spellcasting
  5318 | D:5      | Found a glowing golden altar of the Shining One.
  5341 | D:5      | Reached skill level 1 in Ice Magic
  5676 | D:5      | Found a staircase to the Ecumenical Temple.
  5685 | Temple   | Entered the Ecumenical Temple
  5695 | Temple   | Became a worshipper of Vehumet
  5755 | D:5      | Noticed Duvessa
  5760 | D:5      | Noticed Dowan
  5774 | D:5      | Killed Dowan
  5774 | D:5      | Mangled by Duvessa

Illustrated notes

Levels and vault maps discovered:
D:1:      onia_arrival_pyramid, layout_basic, serial_glass, glass_columns_a,
          glass_columns_a, minivault_5, hex_medium
D:2:      layout_loops_ring, st_stairs_7, kennysheep_donut
D:3:      layout_basic, minmay_misc_feat_tiny, nicolae_grassy_gnolls
D:4:      layout_loops_ring, mainiacjoe_overflow_big_doors, serial_forest,
          infiniplex_forest_straight_2, infiniplex_forest_lined_corner,
          infiniplex_forest_lined_corner, infiniplex_forest_straight_2,
          infiniplex_forest_clump_medium, infiniplex_forest_3_way,
          infiniplex_forest_clump_small, infiniplex_forest_clump_tiny,
          infiniplex_forest_straight_2, grunt_decor_cap
D:5:      layout_basic, trog_butcher_becter, nicolae_tso_besieged_by_evil,
          minmay_temple_entry_butterflies, uniq_duvessa, uniq_edmund, uniq_ijyb
Temple:   nicolae_temple_x_marks_the_god

Skill      XL: |  1  2  3  4  5  6  7 |
---------------+----------------------+-----
Conjurations   | 2 3 |  3.1
Spellcasting   | 3 4 5 |  5.0
Air Magic      | 4 |  4.2
Fighting       | 2 4 |  4.0
Ice Magic      | 3 |  3.9
Dodging        | |  1.7
Stealth        | |  1.7

Action                     |  1- 3 |  4- 6 |  7- 9 || total
---------------------------+-------+-------+-------++-------
  Melee: Short sword       |    28 |    70 |    48 ||   146
         Tailslap          |     3 |     9 |     6 ||    18
         Punch             |       |     3 |     1 ||     4
  Throw: Dart              |       |     1 |       ||     1
   Cast: Shock             |    91 |   103 |    34 ||   228
         Frozen Ramparts   |       |       |     1 ||     1
Ability: Breathe Frost     |       |       |     2 ||     2
  Evoke: Wand              |       |     4 |       ||     4
    Use: Scroll            |    10 |     6 |       ||    16
   Stab: Paralysed         |       |     8 |       ||     8
 Armour: Skin              |    13 |    47 |    44 ||   104
  Dodge: Dodged            |    13 |    31 |    29 ||    73

Table legend: (Time is in decaauts)
 A = Elapsed time spent in this place.
 B = Non-inter-level travel time spent in this place.
 C = Inter-level travel time spent in this place.
 D = Time resting spent in this place.
 E = Time spent auto-exploring this place.
 F = Levels seen in this place.
 G = Mean time per level.
                   A        B        C        D        E       F      G
               +--------+--------+--------+--------+--------+-----+--------+
         Total |   5776 |   5629 |    147 |    350 |   4449 |   6 |  962.7 |
       Dungeon |   5755 |   5626 |    129 |    350 |   4449 |   5 | 1151.0 |
        Temple |     20 |      2 |     18 |      0 |      0 |   1 |   20.0 |
               +--------+--------+--------+--------+--------+-----+--------+

Top non-repeatable levels by time:
     D:1: 1400 daAuts
     D:4: 1227 daAuts
     D:5: 1156 daAuts
     D:2: 1114 daAuts
     D:3: 857 daAuts
  Temple: 20 daAuts
